 Dungeon Crawl Stone Soup version 0.20-a0-830-g2c9a30d (webtiles) character file.

128 M4edhros the Skirmisher (level 5, -7/37 HPs)
             Began as an Octopode Fighter on Mar 7, 2017.
             Mangled by Pikel
             ... wielding a +1 whip of flaming
              (8 damage)
             ... on level 4 of the Dungeon.
             The game lasted 00:01:16 (1174 turns).

M4edhros the Skirmisher (Octopode Fighter)          Turns: 1174, Time: 00:01:18

Health: -7/37      AC:  1    Str: 21    XL:     5   Next: 11%
Magic:  5/5        EV: 12    Int: 10    God:
Gold:   130        SH:  9    Dex: 12    Spells: 4/4 levels left

rFire    . . .     SeeInvis .   a - +0 long sword
rCold    . . .     Gourm    .   b - +0 shield
rNeg     . . .     Faith    .   (helmet restricted)
rPois    .         Spirit   .   (no amulet)
rElec    .         Reflect  .   (no ring)
rCorr    .         Harm     .   (no ring)
MR       .....                  (no ring)
Stlth    ++........             (no ring)
Regen    0.2/turn               (no ring)
MPRegen  0.1/turn               (no ring)
                                (no ring)
                                (no ring)

@: mighty
A: almost no armour, stealthy swim, amphibious, 8 rings, constrict 8, camouflage
1, gelatinous body 1
a: no special abilities


You were on level 4 of the Dungeon.
You were hungry.

You visited 1 branch of the dungeon, and saw 4 of its levels.

You collected 130 gold pieces.

Inventory:

Hand Weapons
 a - a +0 long sword (weapon)
 f - a +0 hunting sling
Armour
 b - a +0 shield (worn)
Scrolls
 e - 2 scrolls of remove curse
 g - 3 scrolls of identify
Comestibles
 d - a bread ration
 h - a meat ration
 i - 2 fruits
 j - a royal jelly


   Skills:
 + Level 3.7 Fighting
 * Level 3.5 Long Blades
 + Level 3.5 Dodging
 + Level 3.7 Shields


You had 4 spell levels left.
You didn't know any spells.

Dungeon Overview and Level Annotations

Branches:
Dungeon (4/15)
 Temple: D:4-7

Altars:
Trog

Annotations:
D:4 Pikel


Innate Abilities, Weirdness & Mutations

You cannot wear most types of armour.
You are very stealthy in the water. (Stealth+)
You are amphibious.
You can wear up to eight rings at the same time.
You can use your tentacles to constrict eight enemies at once.
Your skin changes colour to match your surroundings (Stealth+).
Your rubbery body absorbs attacks. (AC +1, EV +1)


Message History

* * * LOW HITPOINT WARNING * * *
Unknown command.
You aren't carrying any potions.
You aren't carrying any items that you can evoke.
You slash the slave!
You kill the slave!
That felt strangely unrewarding.
Pikel cracks his whip.
Unknown command.
Your shield prevents you from hitting Pikel.
Your grab misses Pikel. Pikel hits you with a whip of flaming.
* * * LOW HITPOINT WARNING * * *
Pikel burns you.
* * * LOW HITPOINT WARNING * * *
You block Pikel's attack.
Unknown command.
You slash Pikel! You grab Pikel.
Pikel is moderately wounded.
You constrict Pikel, but do no damage. Pikel hits you with a whip of flaming!
You die...

#############
#..@Kp......#
#.#########.# #
#.# #p#
########.######
#...p...........
#.K#####........
#..# #.#######
#.p# #..


You could see Pikel and a slave.

Vanquished Creatures
  A slave (D:4)
  Jessica (D:2)
  A worker ant (D:4)
  4 adders
  An ooze (D:2)
  2 leopard geckos (D:3)
  A ball python (D:4)
  3 goblins
  4 hobgoblins
  6 jackals (D:2)
  4 kobolds
  2 bats
  A frilled lizard (D:2)
  4 rats
35 creatures vanquished.

Notes
Turn   | Place    | Note
-------+----------+-------------------------------------------
     0 | D:1      | M4edhros the Octopode Fighter began the quest for the Orb.
     0 | D:1      | Reached XP level 1. HP: 16/16 MP: 1/1
   386 | D:2      | Reached XP level 2. HP: 12/21 MP: 2/2
   554 | D:2      | Reached XP level 3. HP: 19/26 MP: 3/3
   632 | D:2      | Noticed Jessica
   637 | D:2      | Killed Jessica
   752 | D:2      | Reached XP level 4. HP: 19/31 MP: 4/4
   961 | D:3      | Found a bloodstained altar of Trog.
  1121 | D:4      | Reached XP level 5. HP: 31/37 MP: 5/5
  1127 | D:4      | Noticed a slave
  1127 | D:4      | Noticed a slave
  1129 | D:4      | Noticed a slave
  1130 | D:4      | Noticed Pikel
  1130 | D:4      | Noticed a slave
  1172 | D:4      | Killed a slave
  1173 | D:4      | HP: 1/37 [Pikel/whip of flaming (1)]
  1174 | D:4      | Mangled by Pikel

Vault maps used:
D:1:      kennysheep_arrival_seaside, serial_bayou_crossing
D:2:      okawaru_metal_pillars_1_2, uniq_jessica
D:3:      bloody_trog, gammafunk_temple_overflow_wave, grunt_decor_one_mirror
D:4:      grunt_temple_overflow_cloverleaf, portal_sewer_entry_e, uniq_pikel

Skill      XL: |  1  2  3 |
---------------+----------+-----
Long Blades    | 3 |  3.5
Fighting       | |  3.7
Dodging        | |  3.5
Shields        | |  3.7

Action                   |  1- 3 |  4- 6 || total
-------------------------+-------+-------++-------
Melee: Long sword        |    31 |    41 ||    72
       Constrict         |     9 |     9 ||    18
       Tentacles         |     6 |     8 ||    14
  Use: Scroll            |       |     1 ||     1
       Potion            |       |     1 ||     1
 Stab: Sleeping          |     1 |     3 ||     4
Armor: Skin              |     3 |     3 ||     6
Dodge: Dodged            |    16 |     8 ||    24
Block: Shield            |    14 |    21 ||    35
       Rpst.: Long sword |     9 |     2 ||    11
